 Seeded DCSS version 0.28.0-47-ge53b351184 (webtiles) character file.

Game seed: 20220504 (custom seed)

201 jessy the Protected (level 5, -5/43 HPs)
             Began as a Gnoll Wanderer on May 4, 2022.
             Was an Initiate of Wu Jian.
             Slain by an ogre
             ... wielding a +0 giant club
              (21 damage)
             ... on level 4 of the Dungeon.
             The game lasted 00:15:00 (5021 turns).

jessy the Protected (Gnoll Wanderer)                Turns: 5021, Time: 00:15:00

Health: -5/43      AC:  9    Str: 11    XL:     5   Next: 79%
Magic:  7/7        EV: 13    Int: 10    God:    Wu Jian [......]
Gold:   156        SH:  0    Dex: 15    Spells: 7/7 levels left

rFire   . . .      SeeInvis .   a - +0 quarterstaff
rCold   . . .      Faith    .   (shield currently unavailable)
rNeg    . . .      Spirit   .   d - +0 scale mail
rPois   .          Reflect  .   (no helmet)
rElec   .          Harm     .   (no cloak)
rCorr   .          Rampage  .   (no gloves)
Will    .....                   g - +0 pair of boots
Stlth   +.........              (no amulet)
HPRegen 0.14/turn               A - +4 ring of evasion
MPRegen 0.10/turn               (no ring)

@: no status effects
A: fangs 1, strong nose, distributed training
a: Renounce Religion


You were on level 4 of the Dungeon.
You worshipped Wu Jian.
Wu Jian was noncommittal.
You visited 1 branch of the dungeon, and saw 4 of its levels.

You collected 156 gold pieces.

Inventory:

Hand Weapons
 a - a +0 quarterstaff (weapon)
 h - a +0 dagger
 n - a +0 club
 q - a +0 short sword
 t - a +0 hunting sling
 y - a +0 spear
 C - a +0 whip
Missiles
 e - 50 stones
 r - 3 curare-tipped darts (quivered)
 s - 8 poisoned darts
 u - 47 arrows
 z - 3 boomerangs
Armour
 d - a +0 scale mail (worn)
 g - a +0 pair of boots (worn)
 m - a +0 ring mail
Magical Staves
 o - a staff of earth
 w - a staff of air
Jewellery
 A - a +4 ring of evasion (left hand)
Wands
 x - a wand of flame (10)
Scrolls
 b - a scroll of blinking
 f - a scroll of fear {unknown}
 i - a scroll of fog {unknown}
 j - 2 scrolls of magic mapping {unknown}
 v - a scroll of identify {unknown}
Potions
 k - 2 potions of brilliance {unknown}
 l - a potion of might {unknown}
 p - a potion of lignification {unknown}
 B - a potion of mutation {unknown}


   Skills:
 + Level 4.8 Fighting
 + Level 1.6 Short Blades
 + Level 1.6 Long Blades
 + Level 1.6 Axes
 + Level 1.6 Maces & Flails
 + Level 1.6 Polearms
 + Level 3.0 Staves
 + Level 1.6 Slings
 + Level 1.6 Bows
 + Level 1.6 Crossbows
 + Level 1.6 Throwing
 + Level 8.7 Armour
 + Level 1.6 Dodging
 + Level 1.6 Stealth
 + Level 1.6 Shields
 + Level 6.7 Unarmed Combat
 + Level 1.6 Spellcasting
 + Level 1.3 Conjurations
 + Level 1.3 Hexes
 + Level 1.3 Summonings
 + Level 1.3 Necromancy
 + Level 1.3 Translocations
 + Level 1.3 Transmutations
 + Level 1.3 Fire Magic
 + Level 1.3 Ice Magic
 + Level 1.3 Air Magic
 + Level 1.3 Earth Magic
 + Level 1.3 Poison Magic
 + Level 1.8 Invocations
 + Level 1.6 Evocations


You had 7 spell levels left.
You didn't know any spells.
Your spell library contained the following spells:

 Spells                   Type           Power      Damage    Failure   Level
 Stone Arrow              Conj/Erth      6%         3d7       94%         3
 Animate Armour           Summ/Erth      6%         N/A       100%        4
 Lehudib's Crystal Spear  Conj/Erth      1%         10d2      100%        8


Dungeon Overview and Level Annotations

Branches:
Dungeon (4/15)
 Temple: D:4-7

Altars:
Elyvilon
Makhleb
Okawaru
Wu Jian
Zin
The Shining One


Innate Abilities, Weirdness & Mutations

You have very sharp teeth.
Your uncanny sense of smell can sniff out nearby items.
Your experience applies equally to all skills.


Message History

You closely miss the howler monkey. You bite the howler monkey.
The howler monkey is moderately wounded.
The howler monkey hits you but does no damage.
The howler monkey barely misses you.
You closely miss the howler monkey.
The howler monkey is moderately wounded.
The howler monkey completely misses you.
You hit the howler monkey but do no damage.
The howler monkey is moderately wounded.
The howler monkey hoots and howls with incredible vigour!
You hit the howler monkey.
You bite the howler monkey, but do no damage.
The howler monkey is heavily wounded.
The howler monkey misses you.
You barely miss the howler monkey.
The howler monkey is heavily wounded.
The howler monkey hits you but does no damage.
The howler monkey hits you.
You closely miss the howler monkey.
The howler monkey is heavily wounded.
The howler monkey hits you.
* * * LOW HITPOINT WARNING * * *
You hit the howler monkey.
The howler monkey is severely wounded.
The howler monkey hoots and howls with incredible vigour!
You sock the howler monkey!
You kill the howler monkey!
The Council accepts your kill.
An ogre comes into view. It is wielding a +0 giant club.
You feel much better.
Found 6 gold pieces.
The ogre hits you with a +0 giant club!
Found 9 gold pieces.
You hit the ogre.
The ogre is moderately wounded.
The ogre barely misses you.
You sock the ogre!
The ogre is heavily wounded.
The ogre hits you with a +0 giant club.
The ogre hits you with a +0 giant club!!
You die...

#.# ∆ <.# # ∆ ###
.### ∆ ####.....
#........ #### #.#
###### ...# #.#
##....##
##.####.###....O.##
#.......##..#$$#@.+
##.####..'.†$##$..#
### #..').$##$..#
#.##..#$$#..#
#..##......## ∆ .##
##....## ∆ #.
###### ∆ #. ∆ ∆ ..


You could see an ogre.

Vanquished Creatures
  A howler monkey (D:4)
  Ijyb (D:3)
  An iguana (D:4)
  4 adders
  A white imp (D:3)
  A worm (D:2)
  An orc (D:3)
  7 endoplasms
  5 giant cockroaches
  6 goblins
  8 hobgoblins
  4 kobolds
  5 quokkas
  6 ball pythons
  5 bats
  3 frilled lizards
  4 rats (D:1)
63 creatures vanquished.

Vanquished Creatures (others)
  3 fungi
  2 plants (D:2)
5 creatures vanquished.

Grand Total: 68 creatures vanquished

Notes
Turn   | Place    | Note
-------+----------+-------------------------------------------
     0 | D:1      | jessy the Gnoll Wanderer began the quest for the Orb.
     0 | D:1      | jessy set off with the following items: a +0 quarterstaff,
                  | a scroll of blinking, a potion of heal wounds, a +0 scale
                  | mail
     0 | D:1      | Reached XP level 1. HP: 20/20 MP: 1/1
   170 | D:1      | Reached XP level 2. HP: 26/26 MP: 2/2
   919 | D:1      | HP: 1/26 [ball python (3)]
  1438 | D:1      | Reached XP level 3. HP: 30/31 MP: 3/3
  2186 | D:2      | Reached skill level 1 in Invocations
  2469 | D:2      | Reached skill level 1 in Short Blades
  2469 | D:2      | Reached skill level 1 in Long Blades
  2469 | D:2      | Reached skill level 1 in Axes
  2469 | D:2      | Reached skill level 1 in Maces & Flails
  2469 | D:2      | Reached skill level 1 in Polearms
  2469 | D:2      | Reached skill level 1 in Slings
  2469 | D:2      | Reached skill level 1 in Bows
  2469 | D:2      | Reached skill level 1 in Crossbows
  2469 | D:2      | Reached skill level 1 in Throwing
  2469 | D:2      | Reached skill level 1 in Dodging
  2469 | D:2      | Reached skill level 1 in Stealth
  2469 | D:2      | Reached skill level 1 in Shields
  2469 | D:2      | Reached skill level 1 in Spellcasting
  2469 | D:2      | Reached skill level 1 in Evocations
  2611 | D:2      | Reached XP level 4. HP: 19/38 MP: 5/5
  2932 | D:2      | Found a faded altar of an unknown god.
  3344 | D:3      | Found an ornate altar of the Wu Jian Council.
  3387 | D:3      | Became a worshipper of the Wu Jian Council
  3478 | D:3      | Noticed Ijyb
  3505 | D:3      | Killed Ijyb
  3506 | D:3      | Reached skill level 1 in Conjurations
  3506 | D:3      | Reached skill level 1 in Hexes
  3506 | D:3      | Reached skill level 1 in Summonings
  3506 | D:3      | Reached skill level 1 in Necromancy
  3506 | D:3      | Reached skill level 1 in Translocations
  3506 | D:3      | Reached skill level 1 in Transmutations
  3506 | D:3      | Reached skill level 1 in Fire Magic
  3506 | D:3      | Reached skill level 1 in Ice Magic
  3506 | D:3      | Reached skill level 1 in Air Magic
  3506 | D:3      | Reached skill level 1 in Earth Magic
  3506 | D:3      | Reached skill level 1 in Poison Magic
  3817 | D:3      | Reached XP level 5. HP: 43/43 MP: 5/7
  3894 | D:3      | Found a faded altar of an unknown god.
  3894 | D:3      | Found an iron altar of Okawaru.
  3902 | D:3      | Found a white marble altar of Elyvilon.
  3905 | D:3      | Found a glowing silver altar of Zin.
  3907 | D:3      | Found a faded altar of an unknown god.
  4085 | D:3      | Found a burning altar of Makhleb.
  4506 | D:3      | Found a glowing golden altar of the Shining One.
  5009 | D:4      | Noticed an ogre
  5021 | D:4      | Slain by an ogre

Illustrated notes

Levels and vault maps discovered:
D:1:      minmay_arrival_three_doors, layout_basic, minmay_misc_feat_roman
D:2:      minmay_evil_eye, layout_rooms,
          shapermc_ecumenical_altar_mp_urbaneastern
D:3:      layout_basic, nicolae_tso_carved_into_rock, lightli_temple_of_fire,
          chequers_temple_overflow_minitemple, overflow_temple_1_default,
          uniq_ijyb
D:4:      minmay_polygon_palace, layout_loops_corners, vehumet_statue,
          mainiacjoe_overflow_boulevard, lemuel_temple_firewalk_b,
          minmay_misc_feat_pillars, lemuel_flame_loot_1

Skill      XL: |  1  2  3  4  5 |
---------------+----------------+-----
Invocations    | 1 |  1.8
Short Blades   | 1 |  1.6
Long Blades    | 1 |  1.6
Axes           | 1 |  1.6
Maces & Flails | 1 |  1.6
Polearms       | 1 |  1.6
Slings         | 1 |  1.6
Bows           | 1 |  1.6
Crossbows      | 1 |  1.6
Throwing       | 1 |  1.6
Dodging        | 1 |  1.6
Stealth        | 1 |  1.6
Shields        | 1 |  1.6
Spellcasting   | 1 |  1.6
Evocations     | 1 |  1.6
Conjurations   | 1 |  1.3
Hexes          | 1 |  1.3
Summonings     | 1 |  1.3
Necromancy     | 1 |  1.3
Translocations | 1 |  1.3
Transmutations | 1 |  1.3
Fire Magic     | 1 |  1.3
Ice Magic      | 1 |  1.3
Air Magic      | 1 |  1.3
Earth Magic    | 1 |  1.3
Poison Magic   | 1 |  1.3
Staves         | 3 |  3.0
Fighting       | |  4.8
Armour         | |  8.7
Unarmed Combat | |  6.7

Action                   |  1- 3 |  4- 6 || total
-------------------------+-------+-------++-------
Melee: Quarterstaff      |   141 |   129 ||   270
       Bite              |    11 |    17 ||    28
Invok: Lunge             |       |     3 ||     3
  Use: Potion            |       |     1 ||     1
Armor: Scale mail        |   149 |    84 ||   233
Dodge: Dodged            |   140 |   102 ||   242
